 Dungeon Crawl Stone Soup version 0.28.0-45-g0d030f2227 (webtiles) character file.

Game seed: 4615934926807886156

24 Patches the Caller (level 3, 0/32 HPs)
             Began as an Ogre Summoner on May 5, 2022.
             Succumbed to an adder's poison
             ... on level 2 of the Dungeon on May 10, 2022.
             The game lasted 00:21:27 (976 turns).

Patches the Caller (Ogre Summoner)                   Turns: 976, Time: 00:21:28

Health: 0/32       AC:  4    Str: 12    XL:     3   Next: 2%
Magic:  5/7        EV: 10    Int: 16    God:
Gold:   11         SH:  0    Dex: 11    Spells: 4/7 levels left

rFire   . . .      SeeInvis .   g - +0 hand axe
rCold   + . .      Faith    .   (no shield)
rNeg    . . .      Spirit   .   a - +0 robe
rPois   .          Reflect  .   (helmet restricted)
rElec   .          Harm     .   (no cloak)
rCorr   .          Rampage  .   (gloves unavailable)
Will    .....                   (boots unavailable)
Stlth   ++........              (no amulet)
HPRegen 0.10/turn               (no ring)
MPRegen 0.10/turn               (no ring)

@: lethally poisoned (0 -> -3)
A: large, unfitting armour, tough skin 1, iridescent scales 1, cold resistance
1, deformed body
a: no special abilities


You were on level 2 of the Dungeon.
You visited 1 branch of the dungeon, and saw 2 of its levels.

You collected 11 gold pieces.

Inventory:

Hand Weapons
 b - a +0 dagger
 e - a +0 dagger
 f - a +0 club
 g - a +0 hand axe (weapon)
 h - a +0 dagger
 k - a +0 club
Missiles
 c - 38 stones (quivered)
 i - 2 boomerangs
Armour
 a - a +0 robe (worn)
 j - a +0 robe
Scrolls
 d - 2 scrolls of identify


   Skills:
 + Level 0.3 Fighting
 + Level 1.7 Dodging
 + Level 1.5 Stealth
 + Level 2.9 Spellcasting
 + Level 4.1 Summonings


You had 4 spell levels left.
You knew the following spells:

 Your Spells              Type           Power      Damage    Failure   Level
a - Summon Small Mammal   Summ           60%        N/A       3%          1
b - Call Imp              Summ           15%        N/A       5%          2

Your spell library contained the following spells:

 Spells                   Type           Power      Damage    Failure   Level
 Call Canine Familiar     Summ           15%        N/A       11%         3
 Summon Guardian Golem    Hex/Summ       8%         N/A       24%         3
 Summon Lightning Spire   Summ/Air       8%         N/A       63%         4


Dungeon Overview and Level Annotations

Branches:
Dungeon (2/15)

Altars:


Innate Abilities, Weirdness & Mutations

You are too large for most types of armour.
You have tough skin. (AC +1)
You are partially covered in iridescent scales. (AC +2)
Your flesh is cold resistant. (rC+)
Armour fits poorly on your strangely shaped body.


Message History

You hit the adder.
The adder is lightly wounded.
Your white imp disappears in a puff of smoke!
The adder bites you.
You are poisoned.
The adder poisons you! The adder closely misses you.
Casting: Call Imp (safe; 5% risk of failure)
Confirm with . or Enter, or press ? or * to list all spells.
A beastly little devil appears in a puff of flame.
You feel sick. The adder completely misses you.
You barely miss the adder.
The adder is lightly wounded.
You feel sick. The adder bites you but does no damage. The adder bites you.
You are more poisoned.
The adder poisons you!
Your crimson imp misses the adder.
You feel sick.
You feel sick.
Your crimson imp closely misses the adder.
The adder bites you.
You are more poisoned.
The adder poisons you!
You feel sick.
You feel sick.
You feel sick. The adder closely misses you.
You feel sick.
You feel sick.
You feel sick.
You feel sick. The adder bites you.
* * * LOW HITPOINT WARNING * * *
You are more poisoned.
The adder poisons you!
You completely miss the adder.
The adder is lightly wounded.
* * * LOW HITPOINT WARNING * * *
You feel sick. The adder bites you.
* * * LOW HITPOINT WARNING * * *
Your crimson imp closely misses the adder.
You hit the adder.
The adder is heavily wounded.
You die...

... #.# # #.#.# #.#
.# #.#.# #.# .#
#.#.# #†# ###.#
##.#.#
#.#####...#####....#
.†.<...............#
.#.####.#######...#
.#..##..# #@#
.#..#...# #S#
...#.##.# #5##
..###.#.# #..# ...
#..# ##.# #.#.
##.#########.#
#.##.#.........##.#
#.. #..######...#.#
....... ...#......#


You could see an adder (ally target) and a friendly crimson imp (summoned).

Vanquished Creatures
  A dart slug (D:1)
  2 endoplasms (D:2)
  A kobold (D:1)
  A quokka (D:1)
  A rat (D:1)
6 creatures vanquished.

Vanquished Creatures (collateral kills)
  A dart slug (D:2)
  2 ball pythons
  A goblin (D:2)
  A hobgoblin (D:1)
  3 kobolds (D:1)
  A quokka (D:1)
  A frilled lizard (D:1)
  2 rats (D:1)
12 creatures vanquished.

Grand Total: 18 creatures vanquished

Notes
Turn   | Place    | Note
-------+----------+-------------------------------------------
     0 | D:1      | Patches the Ogre Summoner began the quest for the Orb.
     0 | D:1      | Reached XP level 1. HP: 16/16 MP: 3/3
   370 | D:1      | Reached XP level 2. HP: 24/24 MP: 3/5
   443 | D:1      | Learned a level 2 spell: Call Imp
   535 | D:1      | Reached skill level 4 in Summonings
   809 | D:1      | Gained mutation: Your flesh is cold resistant. (rC+)
                  | [potion of mutation]
   809 | D:1      | Gained mutation: Armour fits poorly on your strangely
                  | shaped body. [potion of mutation]
   809 | D:1      | Gained mutation: You are partially covered in iridescent
                  | scales. (AC +2) [potion of mutation]
   960 | D:2      | Reached XP level 3. HP: 28/32 MP: 5/7
   975 | D:2      | HP: 1/32 [adder (3)]
   976 | D:2      | Succumbed to an adder's poison

Illustrated notes

Levels and vault maps discovered:
D:1:      dpeg_arrival_tiny_d, layout_loops_corners
D:2:      layout_loops_ring, minmay_tripent

Skill      XL: |  1  2 |
---------------+-------+-----
Summonings     | 4 |  4.1
Fighting       | |  0.3
Dodging        | |  1.7
Stealth        | |  1.5
Spellcasting   | |  2.9

Action                   || total
-------------------------++-------
Melee: Dagger            ||    10
       Unarmed           ||     3
       Hand axe          ||    25
 Cast: Summon Small Mamm ||    22
       Call Imp          ||    13
  Use: Scroll            ||     3
       Potion            ||     1
 Stab: Sleeping          ||     2
Armor: Robe              ||    20
Dodge: Dodged            ||    30
